 Dungeon Crawl Stone Soup version 0.31.0-10-gcf4a605ca0 (webtiles) character file.

Game seed: 13542178360287354644

5191 Aldia the Spear-Bearer (level 10, 0/77 HPs)
             Began as a Mummy Cinder Acolyte on Jan 25, 2024.
             Was a Follower of Ignis.
             Slain by Joseph
             ... wielding a +1 quarterstaff of holy wrath
              (7 damage)
             ... on level 9 of the Dungeon.
             The game lasted 00:15:39 (10615 turns).

Aldia the Spear-Bearer (Mummy Cinder Acolyte)      Turns: 10615, Time: 00:15:40

Health: 0/77       AC: 23    Str: 18    XL:     10   Next: 34%
Magic:  13/14      EV: 13    Int: 21    God:    Ignis [*.....]
Gold:   409        SH:  0    Dex: 13    Spells: 10/15 levels left

rFire   . . .        j - +2 scythe (venom)
rCold   + . .        (shield currently unavailable)
rNeg    + + +        t - +0 acid dragon scales
rPois   ∞            m - +2 helmet {Int+3}
rElec   .            c - +0 cloak
rCorr   +            p - +1 pair of gloves
SInv    +            q - +2 pair of boots
Will    +....        (no amulet)
Stlth   +            r - +6 ring of dexterity
HPRegen 0.32/turn    x - ring of see invisible
MPRegen 0.14/turn

%: faith
@: fiery-armoured
A: cold resistance 1, negative energy resistance 3, torment resistance 2, heat
vulnerability 1, in touch with death 1, no potions, faith
a: Renounce Religion, Fiery Armour, Foxfire Swarm, Rising Flame


You were on level 9 of the Dungeon.
You worshipped Ignis.
Ignis was aware of your devotion.
You visited 2 branches of the dungeon, and saw 10 of its levels.

You collected 409 gold pieces.

Inventory:

Hand Weapons
 j - a +2 scythe of venom (weapon)
Missiles
 a - a throwing net
 v - 7 curare-tipped darts
Armour
 c - a +0 cloak (worn)
 m - a +2 helmet of intelligence (worn)
 p - a +1 pair of gloves (worn)
 q - a +2 pair of boots (worn)
 t - +0 acid dragon scales (worn)
 z - the +1 leather armour "Yddaidip" {Regen+ Str+5 Dex+4}
   (You found it on level 7 of the Dungeon)

   Str+5:     It affects your strength (+5).
   Dex+4:     It affects your dexterity (+4).
   Regen+:    It increases your rate of health regeneration.
 B - a +0 troll leather armour
Jewellery
 r - a +6 ring of dexterity (left hand)
 s - a ring of protection from fire
 x - a ring of see invisible (right hand)
Wands
 i - a wand of charming (21)
 A - a wand of quicksilver (9)
Scrolls
 d - 2 scrolls of revelation
 e - a scroll of fear
 f - 2 scrolls of amnesia
 g - 2 scrolls of vulnerability
 h - 2 scrolls of enchant weapon
 k - 3 scrolls of immolation
 l - 5 scrolls of blinking
 n - 4 scrolls of teleportation
 o - a scroll of fog
 u - a scroll of noise {unknown}
 w - a scroll of enchant armour {unknown}
 y - a scroll of torment {unknown}


   Skills:
 + Level 6.9 Fighting
 * Level 8.9 Polearms
 + Level 3.8 Armour
 - Level 4.3 Dodging
 - Level 3.0 Spellcasting
 + Level 2.4 Translocations
 - Level 5.0 Fire Magic


You had 10 spell levels left.
You knew the following spells:

 Your Spells              Type           Power      Damage    Failure   Level
a - Scorch                Fire           48%        2d7       3%          2
b - Blink                 Tloc           26%        N/A       10%         2
c - Apportation           Tloc           26%        N/A       6%          1

Your spell library contained the following spells:

 Spells                   Type           Power      Damage    Failure   Level
 Freeze                   Ice            12%        1d3       17%         1
 Magic Dart               Conj           12%        1d3       17%         1
 Call Imp                 Summ           6%         N/A       26%         2
 Jinxbite                 Hex            6%         N/A       26%         2
 Frozen Ramparts          Ice            6%         1d1       45%         3
 Hailstorm                Conj/Ice       3%         3d5       45%         3
 Summon Ice Beast         Ice/Summ       3%         N/A       45%         3
 Alistair's Intoxication  Alch           2%         N/A       99%         5
 Summon Mana Viper        Hex/Summ       3%         N/A       99%         5
 Monstrous Menagerie      Summ           1%         N/A       100%        7


Dungeon Overview and Level Annotations

Branches:
Dungeon (9/15)             Temple (1/1) D:7            Lair (0/5) D:9
    Orc: D:9-12

Altars:
Ashenzari
Cheibriados
Dithmenos
Fedhas
Gozag
Hepliaklqana
Kikubaaqudgha
Makhleb
Nemelex Xobeh
Okawaru
Qazlal
Ru
Sif Muna
Trog
Uskayaw
Vehumet
Wu Jian
Xom
Yredelemnul

Annotations:
D:8 2 transporters, groovy9's ghost, novice MiHu
D:9 Joseph


Innate Abilities, Weirdness & Mutations

You are immune to poison.
Your flesh is cold resistant. (rC+)
You are immune to negative energy. (rN+++)
You are immune to unholy pain and torment.
You are vulnerable to heat. (rF-)
You are in touch with the powers of death.
You do not drink.
You have a special connection with the divine. (Faith)


Message History

You hit Joseph.
Joseph is heavily wounded.
Joseph misses you.
You barely miss Joseph.
Joseph is heavily wounded.
Joseph is no longer more vulnerable to fire.
Joseph zaps a wand.
The bolt of dispelling energy hits you.
You barely miss Joseph.
Joseph is heavily wounded.
Joseph tries to grin evilly.
Joseph barely misses you.
You barely miss Joseph.
Joseph is heavily wounded.
Joseph hits you with a +1 quarterstaff of holy wrath!
You convulse!
* * * LOW HITPOINT WARNING * * *
A protective cloak of flame settles atop you.
Joseph hits you but does no damage.
Joseph is burned by your cloak of flames.
Joseph is heavily wounded.
You barely miss Joseph.
Joseph is heavily wounded.
Joseph hits you but does no damage.
Joseph is burned by your cloak of flames.
Joseph is heavily wounded.
You closely miss Joseph.
Joseph is heavily wounded.
Joseph zaps a wand.
The bolt of dispelling energy hits you but does no damage.
Joseph zaps a wand.
The bolt of dispelling energy misses you.
You can't drink.
Aiming: Quicksilver Bolt
Press: ? - help, Shift-Dir - straight line, f - Joseph
Aim: Joseph, wielding a +1 quarterstaff of holy wrath, wearing a +0 leather armour and carrying a wand of quicksilver (heavily wounded, 71% to hit)
The bolt of dispelling energy misses Joseph.
Joseph hits you with a +1 quarterstaff of holy wrath.
* * * LOW HITPOINT WARNING * * *
You convulse!
You die...

##...<..## ..
##).....## ##.
#...##..## #..
##..####.## #.. #..##
##.# ###..## ##..# #..
#.....#####...# #..
##..).@........## ###.#
#.....@.#######.###...#
#...#...## #.....### .
###.. #..#### ##.# #.##
#.# ##.# #.# #.##
#.###)## #.....#######
#........#...


You could see Joseph.

Vanquished Creatures
  Pikel (D:4)
  2 hornets (D:8)
  A troll (D:7)
  Grinder (D:3)
  Sigmund (D:3)
  2 yaks (D:9)
  An acid dragon (D:5)
  6 orc warriors
  A black bear (D:4)
  3 ice beasts
  A sky beast (D:7)
  4 centaurs
  2 kobold brigands
  A bullfrog (D:7)
  A gnoll sergeant (D:7)
  3 scorpions
  3 wights (D:9)
  10 killer bees
  2 bombardier beetles
  3 hounds
  2 jellies
  9 orc priests
  A gnoll bouda (D:9)
  A sleepcap (D:6)
  6 orc wizards
  Terence (D:2)
  5 iguanas
  Robin (D:3)
  5 adders
  2 shadow imps
  A white imp (D:8)
  2 ribbon worms (D:2)
  5 dart slugs
  34 orcs
  5 ball pythons
  12 endoplasms
  2 giant cockroaches
  15 goblins
  9 hobgoblins
  A jackal (D:4)
  21 kobolds
  2 quokkas (D:1)
  3 bats (D:1)
  5 rats
199 creatures vanquished.

Vanquished Creatures (others)
  47 foxfires
47 creatures vanquished.

Grand Total: 246 creatures vanquished

Notes
Turn   | Place    | Note
-------+----------+-------------------------------------------
     0 | D:1      | Aldia the Mummy Cinder Acolyte began the quest for the Orb.
     0 | D:1      | Reached XP level 1. HP: 18/18 MP: 2/2
    60 | D:1      | Reached XP level 2. HP: 14/24 MP: 4/4
   112 | D:1      | Learned a level 2 spell: Scorch
   537 | D:1      | Reached XP level 3. HP: 29/29 MP: 1/6
   626 | D:1      | Found a faded altar of an unknown god.
   687 | D:1      | You fall into a shaft and drop 1 floor!
   771 | D:2      | Reached skill level 3 in Polearms
  1024 | D:2      | Noticed Terence
  1038 | D:2      | Killed Terence
  1227 | D:1      | Reached XP level 4. HP: 35/35 MP: 2/7
  1884 | D:3      | Noticed Grinder
  1975 | D:3      | Killed Grinder
  1976 | D:3      | Reached skill level 4 in Polearms
  1976 | D:3      | Reached XP level 5. HP: 42/42 MP: 3/8
  1976 | D:3      | Reached XP level 6. HP: 48/48 MP: 3/9
  2371 | D:3      | Noticed Robin
  2376 | D:3      | Killed Robin
  2543 | D:3      | Noticed Sigmund
  2547 | D:3      | Killed Sigmund
  2548 | D:3      | Reached XP level 7. HP: 47/55 MP: 7/10
  2750 | D:4      | Reached skill level 1 in Dodging
  3152 | D:4      | Reached skill level 5 in Polearms
  3240 | D:4      | Noticed Pikel
  3266 | D:4      | Killed Pikel
  3267 | D:4      | Reached skill level 5 in Fighting
  3267 | D:4      | Reached XP level 8. HP: 48/62 MP: 6/12
  3524 | D:4      | Reached skill level 6 in Polearms
  4340 | D:4      | Found a basalt altar of Yredelemnul.
  4340 | D:4      | Found a bloodstained altar of Trog.
  4680 | D:5      | Entered Level 5 of the Dungeon
  5981 | D:6      | Reached skill level 7 in Polearms
  5981 | D:6      | Reached skill level 1 in Armour
  6313 | D:6      | Reached XP level 9. HP: 69/69 MP: 8/13
  7289 | D:7      | Identified the +1 leather armour "Yddaidip" {Regen+ Str+5
                  | Dex+4}
  7351 | D:7      | Found a sacrificial altar of Ru.
  7370 | D:7      | Found a snail-covered altar of Cheibriados.
  7669 | D:7      | Found a shimmering altar of Xom.
  7861 | D:7      | Found an ornate altar of the Wu Jian Council.
  8155 | D:7      | Noticed a troll
  8162 | D:7      | Killed a troll
  8263 | D:7      | Found a staircase to the Ecumenical Temple.
  8333 | Temple   | Entered the Ecumenical Temple
  8432 | D:7      | Learned a level 2 spell: Blink
  8522 | D:8      | Reached skill level 8 in Polearms
  8771 | D:8      | Reached skill level 5 in Fire Magic
  8798 | D:8      | Reached skill level 1 in Translocations
  9118 | D:8      | Found a shimmering blue altar of Sif Muna.
  9239 | D:8      | Noticed groovy9's ghost (novice MiHu)
  9240 | D:8      | Noticed a moth of wrath
  9260 | D:8      | Reached XP level 10. HP: 53/77 MP: 1/14
  9395 | D:8      | Noticed a two-headed ogre
  9462 | D:8      | Found a transporter.
  9467 | D:8      | Found a transporter.
  9471 | D:8      | Found a bloodstained altar of Trog.
  9594 | D:8      | Learned a level 1 spell: Apportation
 10256 | D:9      | Found a staircase to the Lair.
 10597 | D:9      | Noticed Joseph
 10615 | D:9      | Slain by Joseph

Illustrated notes

Levels and vault maps discovered:
D:1:      shiori_arrival_oz, layout_loops_ring,
          ebering_ecumenical_altar_petrified, minmay_heptomino_o4
D:2:      layout_rooms, chequers_serial_rivers_micro_b, uniq_terence
D:3:      layout_basic, uniq_robin, uniq_sigmund, uniq_grinder
D:4:      minmay_skewed_foursquare, layout_loops_corners,
          gammafunk_temple_overflow_statue, serial_demonic, serial_demonic_f,
          serial_demonic_e, serial_demonic_c, serial_demonic_b,
          grunt_ministairs_2, kennysheep_potato, uniq_pikel
D:5:      layout_cave_pods
D:6:      layout_basic, item_on_display_a
D:7:      layout_basic, jmf_multi_god_temple2, mainiacjoe_overflow_alcove_1,
          jmf_multi_god_temple, temple_hall
D:8:      layout_layer_cave, elyvilon_altar_3, nicolae_sif_muna_condensation,
          gammafunk_ghost_wrathful_warriors
D:9:      layout_layer_cave, uniq_joseph
Temple:   nicolae_temple_bog_church

Skill      XL: |  1  2  3  4  5  6  7  8  9 10 |
---------------+-------------------------------+-----
Spellcasting   | 2 3 |  3.0
Polearms       | 3 4 5 7 8 |  8.9
Fighting       | 4 5 6 |  6.9
Fire Magic     | 3 4 5 |  5.0
Dodging        | 2 3 4 |  4.3
Armour         | 1 3 |  3.8
Translocations | 1 2 |  2.4

Action                     |  1- 3 |  4- 6 |  7- 9 | 10-12 || total
---------------------------+-------+-------+-------+-------++-------
  Melee: Spear             |    90 |    32 |       |       ||   122
         Punch             |       |     1 |       |       ||     1
         Halberd           |       |       |   131 |   101 ||   232
   Cast: Scorch            |    21 |    32 |   163 |    37 ||   253
 Invoke: Fiery Armour      |     1 |       |     3 |     1 ||     5
         Foxfire Swarm     |       |     2 |       |     1 ||     3
  Evoke: Wand              |       |       |       |     1 ||     1
    Use: Scroll            |     1 |       |     9 |     1 ||    11
   Stab: Sleeping          |       |       |     1 |       ||     1
 Armour: Robe              |    46 |    29 |    40 |       ||   115
         Acid dragon scale |       |       |   137 |   124 ||   261
  Dodge: Dodged            |    62 |     8 |   120 |   123 ||   313
